TOP OF THE 1ST |
Calgary Lynx batting - Pitching for Hialeah Dodos : RHP Kenshin Koike
|
Pitching: RHP Kenshin Koike
|
|
Batting: RHB Alfredo Méndez
|
0-0: Called Strike 0-1: Ball 1-1: Called Strike 1-2: Ball 2-2: Foul Ball, location: 2F 2-2: Fly out, F6 (Popup, 6M)
|
Batting: SHB Todd Schenkel
|
0-0: Foul Ball, location: 2F 0-1: Ball 1-1: Ball 2-1: Ground out U3 (Groundball, 3)
|
Batting: LHB Juan Valdéz
|
0-0: Foul Ball, location: 2F 0-1: Ball 1-1: Ball 2-1: Ball 3-1: Foul Ball, location: 2F 3-2: Base on Balls
|
Batting: LHB Rufo Flores
|
0-0: Ball 1-0: Fly out, F7 (Flyball, 7S)
|
Top of the 1st over - 0 run(s), 0 hit(s), 0 error(s), 1 left on base; Calgary 0 - Hialeah 0 |
BOTTOM OF THE 1ST |
Hialeah Dodos batting - Pitching for Calgary Lynx : RHP Ánibal Sánchez
|
Pitching: RHP Ánibal Sánchez
|
|
Batting: RHB Alexis Smeddon
|
0-0: Ball 1-0: Ball 2-0: Ball 3-0: Foul Ball, location: 2F 3-1: Base on Balls
|
Batting: RHB David Nielsen
|
0-0: Ball 1-0: SINGLE (Groundball, 34) Alexis Smeddon to second Runner from 2nd tries for 3rd, SAFE, no throw or cutoff
|
Batting: LHB Alfonso Núñez
|
0-0: Called Strike 0-1: Ball 1-1: Foul Ball, location: 2F 1-2: Ball 2-2: Ball 3-2: Fielders Choice at 2nd, 3-6 (Groundball, 3) Alexis Smeddon scores
|
Batting: LHB Álex Burgos
|
0-0: Ball 1-0: Called Strike 1-1: Foul Ball, location: 2F 1-2: Ground out 3-1 (Groundball, 3) Alfonso Núñez to second
|
Batting: RHB Lorenzo Ramírez
|
0-0: DOUBLE (Line Drive, 9LS) Alfonso Núñez scores
|
Batting: LHB Alberto Enríquez
|
0-0: Swinging Strike 0-1: SINGLE (Groundball, 4M) Lorenzo Ramírez to third Runner from 3rd tries for Home, SAFE, no throw or cutoff
|
Batting: RHB Ji-chol Yang
|
0-0: Ball 1-0: Foul Ball, location: 2F 1-1: SINGLE (Line Drive, 7LS) Alberto Enríquez to second
|
Batting: RHB Mitch Jensen
|
0-0: Ball 1-0: Called Strike 1-1: Foul Ball, location: 2F 1-2: Foul Ball, location: 2F 1-2: Ground out 5-3 (Groundball, 56S)
|
Bottom of the 1st over - 3 run(s), 4 hit(s), 0 error(s), 2 left on base; Calgary 0 - Hialeah 3 |
TOP OF THE 2ND |
Calgary Lynx batting - Pitching for Hialeah Dodos : RHP Kenshin Koike
|
Batting: SHB Eric O'Neill
|
0-0: Ground out 6-3 (Groundball, 6M)
|
Batting: RHB John Huff
|
0-0: SINGLE (Line Drive, 8RS)
|
Batting: SHB Tom Craft
|
0-0: Called Strike 0-1: Called Strike 0-2: Ball 1-2: Strikes out looking
|
Batting: RHB Tom Carlson
|
0-0: Ball 1-0: Ball 2-0: Ground out 5-3 (Groundball, 5)
|
Top of the 2nd over - 0 run(s), 1 hit(s), 0 error(s), 1 left on base; Calgary 0 - Hialeah 3 |
BOTTOM OF THE 2ND |
Hialeah Dodos batting - Pitching for Calgary Lynx : RHP Ánibal Sánchez
|
Batting: RHB Pedro Longoria
|
0-0: Ball 1-0: Ground out 3-1 (Groundball, 3L)
|
Batting: RHB Alexis Smeddon
|
0-0: Ball 1-0: Ball 2-0: SINGLE (Groundball, 56D) (infield hit)
|
Batting: RHB David Nielsen
|
0-0: Called Strike Alexis Smeddon steals 2nd base Balk! Alexis Smeddon to third 0-1: Ball 1-1: Ground out 5-3 (Groundball, 56) Alexis Smeddon scores
|
Batting: LHB Alfonso Núñez
|
0-0: Ball 1-0: Ball 2-0: Fly out, F7 (Flyball, 7LMF)
|
Bottom of the 2nd over - 1 run(s), 1 hit(s), 0 error(s), 0 left on base; Calgary 0 - Hialeah 4 |
TOP OF THE 3RD |
Calgary Lynx batting - Pitching for Hialeah Dodos : RHP Kenshin Koike
|
Batting: RHB Jim Browning
|
0-0: Ball 1-0: Bunted foul 1-1: Called Strike 1-2: Strikes out swinging
|
Batting: RHB Alfredo Méndez
|
0-0: Ball 1-0: Foul Ball, location: 2F 1-1: Ball 2-1: Swinging Strike 2-2: Ball 3-2: Base on Balls
|
Batting: SHB Todd Schenkel
|
0-0: Ball 1-0: Ball 2-0: Swinging Strike 2-1: Ball Alfredo Méndez steals 2nd base 3-1: Foul Ball, location: 2F 3-2: Base on Balls
|
Batting: LHB Juan Valdéz
|
0-0: Called Strike 0-1: Ball 1-1: Ball 2-1: Fielders Choice at 2nd, U4 (Groundball, 4M) Alfredo Méndez to third
|
Batting: LHB Rufo Flores
|
0-0: Ball 1-0: Foul Ball, location: 2F 1-1: Ball 2-1: Ball 3-1: Fly out, F8 (Flyball, 8LD)
|
Top of the 3rd over - 0 run(s), 0 hit(s), 0 error(s), 2 left on base; Calgary 0 - Hialeah 4 |
BOTTOM OF THE 3RD |
Hialeah Dodos batting - Pitching for Calgary Lynx : RHP Ánibal Sánchez
|
Batting: LHB Álex Burgos
|
0-0: Foul Ball, location: 2F 0-1: Foul Ball, location: 2F 0-2: Strikes out swinging
|
Batting: RHB Lorenzo Ramírez
|
0-0: Ball 1-0: Ball 2-0: Called Strike 2-1: Foul Ball, location: 2F 2-2: Foul Ball, location: 2F 2-2: Ground out 1-3 (Groundball, 13)
|
Batting: LHB Alberto Enríquez
|
0-0: Fly out, F7 (Line Drive, 7M)
|
Bottom of the 3rd over - 0 run(s), 0 hit(s), 0 error(s), 0 left on base; Calgary 0 - Hialeah 4 |
TOP OF THE 4TH |
Calgary Lynx batting - Pitching for Hialeah Dodos : RHP Kenshin Koike
|
Batting: SHB Eric O'Neill
|
0-0: Ball 1-0: Called Strike 1-1: Ball 2-1: SINGLE (Line Drive, 56)
|
Batting: RHB John Huff
|
0-0: Called Strike 0-1: Called Strike 0-2: Ball 1-2: Strikes out looking
|
Batting: SHB Tom Craft
|
0-0: Ball 1-0: Ball 2-0: Foul Ball, location: 2F 2-1: Ground out 4-3 (Groundball, 4S) Eric O'Neill to second
|
Batting: RHB Tom Carlson
|
0-0: Ball 1-0: Ball 2-0: Ball 3-0: Called Strike 3-1: Base on Balls
|
Batting: RHB Jim Browning
|
0-0: Ball 1-0: Ball 2-0: Foul Ball, location: 2F 2-1: Ball 3-1: Called Strike 3-2: Base on Balls Eric O'Neill to third Tom Carlson to second
|
Batting: RHB Alfredo Méndez
|
0-0: Ball 1-0: Called Strike 1-1: Foul Ball, location: 2F 1-2: Ball 2-2: Foul Ball, location: 2F 2-2: Strikes out swinging
|
Top of the 4th over - 0 run(s), 1 hit(s), 0 error(s), 3 left on base; Calgary 0 - Hialeah 4 |
BOTTOM OF THE 4TH |
Hialeah Dodos batting - Pitching for Calgary Lynx : RHP Ánibal Sánchez
|
Batting: RHB Ji-chol Yang
|
0-0: Ball 1-0: Foul Ball, location: 2F 1-1: Called Strike 1-2: Ball 2-2: Strikes out swinging
|
Batting: RHB Mitch Jensen
|
0-0: Called Strike 0-1: Ball 1-1: Foul Ball, location: 2F 1-2: DOUBLE (Flyball, 7D)
|
Batting: RHB Pedro Longoria
|
0-0: Ball 1-0: Foul Ball, location: 2F 1-1: Called Strike 1-2: Foul Ball, location: 2F 1-2: SINGLE (Groundball, 6) Mitch Jensen to third Runner from 3rd tries for Home, SAFE, throw made home Pedro Longoria to second
|
Batting: RHB Alexis Smeddon
|
0-0: Ball 1-0: Fly out, F7 (Flyball, 6D)
|
Batting: RHB David Nielsen
|
0-0: Foul Ball, location: 2F 0-1: Reached on error, E6 (Groundball, 6) Pedro Longoria to third
|
Batting: LHB Alfonso Núñez
|
0-0: Ball 1-0: Ball 2-0: DOUBLE (Line Drive, 3L) Pedro Longoria scores David Nielsen to third Runner from 3rd tries for Home, SAFE, no throw or cutoff
|
Pitching: RHP Taro Ohayashi
|
|
Batting: LHB Álex Burgos
|
0-0: Foul Ball, location: 2F 0-1: Ball 1-1: Foul Ball, location: 2F 1-2: Strikes out looking
|
Bottom of the 4th over - 3 run(s), 3 hit(s), 1 error(s), 1 left on base; Calgary 0 - Hialeah 7 |
TOP OF THE 5TH |
Calgary Lynx batting - Pitching for Hialeah Dodos : RHP Kenshin Koike
|
Batting: SHB Todd Schenkel
|
0-0: Ball 1-0: Ball 2-0: Ball 3-0: Called Strike 3-1: Swinging Strike 3-2: Foul Ball, location: 2F 3-2: Base on Balls
|
Batting: LHB Juan Valdéz
|
0-0: Ball 1-0: Called Strike 1-1: Called Strike 1-2: Ball 2-2: SINGLE (Groundball, 34) Todd Schenkel to second Runner from 2nd tries for 3rd, SAFE, no throw or cutoff
|
Batting: LHB Rufo Flores
|
0-0: Foul Ball, location: 2F 0-1: Fly out, F9 (Flyball, 89XD) Runner from 3rd tags up, SCORES, no throw
|
Batting: SHB Eric O'Neill
|
0-0: Called Strike 0-1: Called Strike 0-2: Ball 1-2: Ball 2-2: Ball 3-2: Base on Balls Juan Valdéz to second
|
Batting: RHB John Huff
|
0-0: Ball 1-0: Foul Ball, location: 2F 1-1: Foul Ball, location: 2F 1-2: Foul Ball, location: 2F 1-2: Ball 2-2: Foul Ball, location: 2F 2-2: Fly out, F7 (Flyball, 7M)
|
Batting: SHB Tom Craft
|
0-0: Ball 1-0: Called Strike 1-1: Ball 2-1: 3-RUN HOME RUN (Line Drive, 9D), Distance : 373 ft
|
Batting: RHB Tom Carlson
|
0-0: Ball 1-0: Ground out 6-3 (Groundball, 56)
|
Top of the 5th over - 4 run(s), 2 hit(s), 0 error(s), 0 left on base; Calgary 4 - Hialeah 7 |
BOTTOM OF THE 5TH |
Hialeah Dodos batting - Pitching for Calgary Lynx : RHP Taro Ohayashi
|
Batting: RHB Lorenzo Ramírez
|
0-0: Foul Ball, location: 2F 0-1: Ball 1-1: Fly out, F7 (Flyball, 78S)
|
Batting: LHB Alberto Enríquez
|
0-0: Foul Ball, location: 2F 0-1: Ball 1-1: Ball 2-1: Swinging Strike 2-2: Ground out 4-3 (Groundball, 4)
|
Batting: RHB Ji-chol Yang
|
0-0: Foul Ball, location: 2F 0-1: Swinging Strike 0-2: Ball 1-2: Ground out 6-3 (Groundball, 6M)
|
Bottom of the 5th over - 0 run(s), 0 hit(s), 0 error(s), 0 left on base; Calgary 4 - Hialeah 7 |
TOP OF THE 6TH |
Calgary Lynx batting - Pitching for Hialeah Dodos : RHP Kenshin Koike
|
Batting: RHB Jim Browning
|
0-0: Swinging Strike 0-1: Ball 1-1: Swinging Strike 1-2: Ball 2-2: Foul Ball, location: 2F 2-2: Strikes out swinging
|
Pitching: LHP Jim Unknown
|
|
Batting: RHB Alfredo Méndez
|
0-0: Ball 1-0: Swinging Strike 1-1: Ball 2-1: Called Strike 2-2: Ball 3-2: Base on Balls
|
Batting: SHB Todd Schenkel
|
0-0: Ball 1-0: SINGLE (Groundball, 56D) Alfredo Méndez to second
|
Batting: LHB Juan Valdéz
|
0-0: Ball Passed Ball! Alfredo Méndez to third Todd Schenkel to second 1-0: Swinging Strike 1-1: Fly out, F5 (Popup, 5SF)
|
Batting: LHB Rufo Flores
|
0-0: 3-RUN HOME RUN (Flyball, 9LD), Distance : 355 ft
|
Batting: SHB Eric O'Neill
|
0-0: Called Strike 0-1: Foul Ball, location: 2F 0-2: Strikes out swinging
|
Top of the 6th over - 3 run(s), 2 hit(s), 0 error(s), 0 left on base; Calgary 7 - Hialeah 7 |
BOTTOM OF THE 6TH |
Hialeah Dodos batting - Pitching for Calgary Lynx : RHP Taro Ohayashi
|
Batting: RHB Mitch Jensen
|
0-0: Called Strike 0-1: Ball 1-1: Ball 2-1: Ball 3-1: Called Strike 3-2: Foul Ball, location: 2F 3-2: Base on Balls
|
Batting: RHB Pedro Longoria
|
0-0: Reached on error, E1 (Groundball, 13) Mitch Jensen to second
|
Batting: RHB Alexis Smeddon
|
0-0: Sac Bunt - play at first, batter OUT! 1-4 Mitch Jensen to third Pedro Longoria to second
|
Batting: RHB David Nielsen
|
0-0: Ball 1-0: SINGLE (Groundball, 4) Mitch Jensen scores Pedro Longoria to third Runner from 3rd tries for Home, SAFE, no throw or cutoff
|
Batting: LHB Alfonso Núñez
|
0-0: Called Strike 0-1: Ball 1-1: SINGLE (Flyball, 89M) David Nielsen to second Runner from 2nd tries for 3rd, SAFE, no throw or cutoff
|
Batting: LHB Álex Burgos
|
0-0: Foul Ball, location: 2F 0-1: Fly out, F7 (Flyball, 78D) Runner from 3rd tags up, SCORES, no throw
|
Pitching: RHP Clancy McKinney
|
|
Batting: RHB Lorenzo Ramírez
|
0-0: Ball 1-0: Called Strike 1-1: Foul Ball, location: 2F 1-2: Foul Ball, location: 2F 1-2: SINGLE (Groundball, 56D) Alfonso Núñez to second
|
Batting: LHB Alberto Enríquez
|
0-0: Ball 1-0: Ball Wild Pitch! Alfonso Núñez to third Lorenzo Ramírez to second 2-0: Ball 3-0: Called Strike 3-1: Base on Balls
|
Batting: RHB Ji-chol Yang
|
0-0: Called Strike 0-1: Fielders Choice at 2nd, 5-4 (Groundball, 5)
|
Bottom of the 6th over - 3 run(s), 3 hit(s), 1 error(s), 2 left on base; Calgary 7 - Hialeah 10 |
TOP OF THE 7TH |
Calgary Lynx batting - Pitching for Hialeah Dodos : LHP Jim Unknown
|
Pitching: LHP Jim Unknown
|
|
Batting: RHB John Huff
|
0-0: Ball 1-0: Ball 2-0: Foul Ball, location: 2F 2-1: Ground out 4-3 (Groundball, 4M)
|
Batting: SHB Tom Craft
|
0-0: Ball 1-0: Ground out 4-3 (Groundball, 34)
|
Batting: RHB Tom Carlson
|
0-0: Ball 1-0: Foul Ball, location: 2F 1-1: Foul Ball, location: 2F 1-2: Strikes out swinging
|
Top of the 7th over - 0 run(s), 0 hit(s), 0 error(s), 0 left on base; Calgary 7 - Hialeah 10 |
BOTTOM OF THE 7TH |
Hialeah Dodos batting - Pitching for Calgary Lynx : RHP Clancy McKinney
|
Batting: RHB Mitch Jensen
|
0-0: Foul Ball, location: 2F 0-1: SINGLE (Groundball, 56D)
|
Batting: RHB Pedro Longoria
|
0-0: Sac Bunt - play at second, runner OUT! 1-6
|
Batting: RHB Alexis Smeddon
|
0-0: Ball 1-0: Ball 2-0: Ball 3-0: Called Strike 3-1: Foul Ball, location: 2F 3-2: Ground out 6-3 (Groundball, 6) Pedro Longoria to second
|
Batting: RHB David Nielsen
|
0-0: Ball 1-0: Called Strike 1-1: Ball 2-1: Swinging Strike 2-2: Foul Ball, location: 2F 2-2: Fly out, F4 (Line Drive, 4)
|
Bottom of the 7th over - 0 run(s), 1 hit(s), 0 error(s), 1 left on base; Calgary 7 - Hialeah 10 |
TOP OF THE 8TH |
Calgary Lynx batting - Pitching for Hialeah Dodos : LHP Jim Unknown
|
Now in CF: Vern Forrest
|
|
Batting: RHB Jim Browning
|
0-0: Called Strike 0-1: Called Strike 0-2: Strikes out swinging
|
Batting: RHB Alfredo Méndez
|
0-0: Ball 1-0: Hit by Pitch
|
Batting: SHB Todd Schenkel
|
0-0: Ball 1-0: Ball 2-0: Foul Ball, location: 2F 2-1: Foul Ball, location: 2F 2-2: Ball 3-2: Strikes out swinging
|
Batting: LHB Juan Valdéz
|
0-0: Ball 1-0: Called Strike 1-1: Foul Ball, location: 2F 1-2: Foul Ball, location: 2F 1-2: Strikes out swinging
|
Top of the 8th over - 0 run(s), 0 hit(s), 0 error(s), 1 left on base; Calgary 7 - Hialeah 10 |
BOTTOM OF THE 8TH |
Hialeah Dodos batting - Pitching for Calgary Lynx : RHP Clancy McKinney
|
Batting: LHB Alfonso Núñez
|
0-0: Ball 1-0: Foul Ball, location: 2F 1-1: Foul Ball, location: 2F 1-2: Strikes out looking
|
Batting: LHB Álex Burgos
|
0-0: Ball 1-0: Ball 2-0: Called Strike 2-1: Foul Ball, location: 2F 2-2: Ball 3-2: Base on Balls
|
Batting: RHB Lorenzo Ramírez
|
0-0: Ball 1-0: Called Strike 1-1: Grounds into double play, 6-4-3 (Groundball, 6)
|
Bottom of the 8th over - 0 run(s), 0 hit(s), 0 error(s), 0 left on base; Calgary 7 - Hialeah 10 |
TOP OF THE 9TH |
Calgary Lynx batting - Pitching for Hialeah Dodos : LHP Jim Unknown
|
Pitching: LHP Fernando Castro
|
|
Batting: LHB Rufo Flores
|
0-0: Ball 1-0: Called Strike 1-1: Ball 2-1: Ball 3-1: Ground out 6-3 (Groundball, 6)
|
Batting: SHB Eric O'Neill
|
0-0: Ball 1-0: Ground out 3-1 (Groundball, 34)
|
Batting: RHB John Huff
|
0-0: Called Strike 0-1: Ball 1-1: Ball 2-1: Ball 3-1: Foul Ball, location: 2F 3-2: Foul Ball, location: 2F 3-2: Base on Balls
|
Batting: SHB Tom Craft
|
0-0: Called Strike 0-1: Ball 1-1: Foul Ball, location: 2F 1-2: Ball 2-2: Ground out 1-3 (Groundball, 13)
|
Top of the 9th over - 0 run(s), 0 hit(s), 0 error(s), 1 left on base; Calgary 7 - Hialeah 10 |
|